 Dungeon Crawl Stone Soup version 0.32-a0-814-g0968bab981 (webtiles) character file.

Game seed: 8600341408091179444

47 zenocrate the Digger (level 3, -1/21 HPs)
             Began as an Octopode Earth Elementalist on Mar 23, 2024.
             Was an Initiate of Gozag.
             Slain by an ogre
             ... wielding a +0 giant spiked club
              (22 damage)
             ... on level 2 of the Dungeon.
             The game lasted 00:01:46 (1209 turns).

zenocrate the Digger (Octopode Earth Elementalist)  Turns: 1209, Time: 00:01:47

Health: -1/21      AC:  1    Str:  7    XL:     3   Next: 70%
Magic:  4/6        EV: 12    Int: 19    God:    Gozag
Gold:   122        SH:  0    Dex: 12    Spells: 3/7 levels left

rFire   . . .        b - +0 short sword
rCold   . . .        (no shield)
rNeg    . . .        (helmet restricted)
rPois   .            (no amulet)
rElec   .            (no ring)
rCorr   .            (no ring)
SInv    .            (no ring)
Will    .....        (no ring)
Stlth   +++          (no ring)
HPRegen 0.23/turn    (no ring)
MPRegen 0.10/turn    (no ring)
                     (no ring)

%: no passive effects
@: no status effects
A: almost no armour, amphibious, 8 rings, camouflage 1, gelatinous body 1,
(nimble swimmer 1), tentacles
a: Renounce Religion, Potion Petition, Call Merchant, Bribe Branch


You were on level 2 of the Dungeon.
You worshipped Gozag.
Gozag was aware of your devotion.
You visited 1 branch of the dungeon, and saw 2 of its levels.

You collected 122 gold pieces.

Inventory:

Hand Weapons
 b - a +0 short sword (weapon)
Talismans
 g - a beast talisman
Scrolls
 c - a scroll of revelation {unknown}
 d - a scroll of blinking {unknown}
 e - a scroll of identify {unknown}
 f - a scroll of fog {unknown}
 h - a scroll of immolation {unknown}
 i - a scroll of brand weapon {unknown}
Potions
 a - a potion of magic


   Skills:
 - Level 2.0 Dodging
 - Level 2.6 Stealth
 * Level 0.1 Unarmed Combat
 - Level 2.6 Spellcasting
 - Level 2.0 Conjurations
 - Level 3.6 Earth Magic
 + Level 0.0 Shapeshifting


You had 3 spell levels left.
You knew the following spells:

 Your Spells              Type           Power      Damage    Failure   Level
a - Sandblast             Erth           32%        2d9       3%          1
b - Stone Arrow           Conj/Erth      26%        3d8       16%         3

Your spell library contained the following spells:

 Spells                   Type           Power      Damage    Failure   Level
 Passwall                 Erth           16%        N/A       11%         3
 Volatile Blastmotes      Fire/Tloc      4%         2d10      43%         3
 Brom's Barrelling Bould  Conj/Erth      13%        2d4       45%         4
 Petrify                  Alch/Erth      9%         N/A       58%         4
 Fulminant Prism          Conj/Alch      3%         3d5       71%         4
 Iskenderun's Mystic Bla  Conj/Tloc      6%         2d4       71%         4


Dungeon Overview and Level Annotations

Branches:
Dungeon (2/15)

Altars:
Gozag


Innate Abilities, Weirdness & Mutations

You cannot wear most types of armour.
You are amphibious.
You can wear up to eight rings at the same time.
Your skin changes colour to match your surroundings (Stealth+).
Your rubbery body absorbs attacks. (AC +1, EV +1)
((You are camouflaged when in or above water. (Stealth+)))
You have tentacles for arms and can constrict up to eight enemies at once.


Message History

No target in view!
You now have 118 gold pieces (gained 6).
i - a scroll labelled BEDDUB GODINN You see here a +0 short sword.
You now have 122 gold pieces (gained 4).
You see here a +0 dagger.
Key pressed, stopping explore.
No target in view!
There is a large open door here.
An ogre comes into view. It is wielding a +0 giant spiked club.
Okay, then.
Casting: Sandblast (safe; 3% risk of failure)
Confirm with . or Enter, or press ? or * to list all spells.
You can't see any susceptible monsters within range! (Use Z to cast anyway.) Unknown command.
Unknown command.
Okay, then.
Casting: Sandblast (safe; 3% risk of failure)
Confirm with . or Enter, or press ? or * to list all spells.
Aiming: Sandblast (safe; 3% risk of failure)
Press: ? - help, Shift-Dir - straight line, f - ogre
Aim: an ogre, wielding a +0 giant spiked club (asleep, 100% to hit)
The blast of sand hits the ogre!
The ogre is moderately wounded.
The ogre shouts!
Unknown command.
Casting: Sandblast (safe; 3% risk of failure)
Confirm with . or Enter, or press ? or * to list all spells.
Aiming: Sandblast (safe; 3% risk of failure)
Press: ? - help, Shift-Dir - straight line, f/p - ogre
Aim: an ogre, wielding a +0 giant spiked club (moderately wounded, 91% to hit)
The blast of sand hits the ogre.
The ogre is heavily wounded.
Unknown command.
You hit the ogre.
The ogre is severely wounded.
The ogre hits you with a +0 giant spiked club!!
Ouch! That really hurt!
You die...
Your body crumbles into a pile of gold.

### ### #.. ..#
..# #.# #.# #.#
#.#####.###
#.###
#O##......##
....#
#@##.#.....##
#.#.#
#.##........#..
..#.#
#..............
###.#
####........#
##.#######
#.#)....##
##..(##...##
#......##
#..........#
###.####
#..........#
#.# ##+##
#..........#
#.# ##...##


You could see an ogre.

Vanquished Creatures
  An adder (D:2)
  2 dart slugs (D:1)
  A bat (D:2)
  4 endoplasms
  6 goblins
  4 hobgoblins
  4 jackals (D:1)
  2 kobolds
  A quokka (D:1)
  2 ball pythons (D:1)
  2 frilled lizards (D:1)
  A spectral goblin (D:1)
30 creatures vanquished.

Notes
Turn   | Place    | Note
-------+----------+-------------------------------------------
     0 | D:1      | zenocrate the Octopode Earth Elementalist began the quest
                  | for the Orb.
     0 | D:1      | Reached XP level 1. HP: 11/11 MP: 3/3
   177 | D:1      | Reached XP level 2. HP: 17/17 MP: 3/5
   542 | D:1      | Reached XP level 3. HP: 16/21 MP: 3/6
   546 | D:1      | Learned a level 3 spell: Stone Arrow
   592 | D:1      | Found a faded altar of an unknown god.
   655 | D:1      | Prayed at the altar of an unknown god.
   655 | D:1      | Became a worshipper of Gozag Ym Sagoz the Greedy
  1204 | D:2      | Noticed an ogre
  1209 | D:2      | Slain by an ogre

Illustrated notes

Levels and vault maps discovered:
D:1:      matt_arrival_spirals, layout_rooms,
          dreamdust_ecumenical_altar_drowned_temple
D:2:      kennysheep_big_flooded_room, layout_loops_corners, minmay_quantized

Skill      XL: |  1  2  3 |
---------------+----------+-----
Conjurations   | 2 |  2.0
Dodging        | |  2.0
Stealth        | |  2.6
Unarmed Combat | |  0.1
Spellcasting   | |  2.6
Earth Magic    | |  3.6

Action                     || total
---------------------------++-------
  Melee: Short sword       ||    22
         Constrict         ||     7
         Tentacles         ||     5
   Cast: Sandblast         ||    28
   Stab: Sleeping          ||     2
 Armour: Skin              ||    13
  Dodge: Dodged            ||    10

Table legend: (Time is in decaauts)
 A = Elapsed time spent in this place.
 B = Non-inter-level travel time spent in this place.
 C = Inter-level travel time spent in this place.
 D = Time resting spent in this place.
 E = Time spent auto-exploring this place.
 F = Levels seen in this place.
 G = Mean time per level.
                   A        B        C        D        E       F      G
               +--------+--------+--------+--------+--------+-----+--------+
         Total |   1222 |   1156 |     66 |      0 |    977 |   2 |  611.0 |
       Dungeon |   1222 |   1156 |     66 |      0 |    977 |   2 |  611.0 |
               +--------+--------+--------+--------+--------+-----+--------+

Top non-repeatable levels by time:
     D:1: 789 daAuts
     D:2: 433 daAuts
